Map: Winter Madness LE

Players

HoldTheDoor - Winner!

  • Race: Protoss Protoss
  • League: Diamond
  • Spawn Location: 5:00

betongapa

  • Race: Protoss Protoss
  • League: Diamond
  • Spawn Location: 11:00

VOD

Have the link to the VOD?

Description

Time

  • Played on: May 19, 2026, 1:03 p.m.
  • Length: 16:25
Show
View Real Time Build Order
Export as new Build Order

HoldTheDoor Protoss - Winner!

Build Orders: Phoenix Opening 

Get SALT Encoding   

  12  0:00  Probe  
  13  0:12  Probe  
  14  0:18  Pylon  
  14  0:23  Probe  
  15  0:32  Probe  
  15  0:39  Gateway  
  15  0:40  Probe  
  16  0:49  Assimilator  
  17  0:51  Probe  
  18  1:03  Pylon, Probe  
  19  1:13  Pylon  
  19  1:15  Probe  
  20  1:31  Cybernetics Core, Probe  
  21  1:34  Assimilator  
  21  1:43  Probe  
  22  1:54  Pylon  
  22  1:55  Probe  
  22  2:00  Stalker  
  23  2:10  Warp Gate  
  23  2:12  Probe  
  26  2:24  Probe  
  27  2:36  Probe  
  28  2:44  Stargate  
  28  2:47  Stalker  
  28  2:49  Shield Battery  
  30  3:01  Probe  
  31  3:05  Pylon  
  26  3:37  Probe  
  27  3:42  Phoenix  
  29  3:59  Phoenix  
  31  4:15  Stalker  
  33  4:17  Nexus  
  33  4:18  Pylon  
  33  4:19  Gateway  
  33  4:22  Probe  
  33  4:24  Pylon  
  34  4:26  Phoenix  
  34  5:01  Stalker  
  34  5:05  Probe, Shield Battery  
  37  5:09  Robotics Facility x2  
  37  5:13  Pylon  
  37  5:17  Probe  
  38  5:22  Phoenix  
  40  5:29  Probe  
  40  5:31  Assimilator  
  41  5:47  Phoenix  
  43  5:54  Probe x2  
  43  5:55  Zealot x2  
  49  6:04  Observer  
  49  6:06  Probe  
  51  6:11  Immortal  
  51  6:13  Probe  
  56  6:19  Probe  
  58  6:25  Probe  
  56  6:47  Stalker x2  
  56  6:49  Probe  
  56  6:54  Immortal  
  65  6:56  Immortal  
  65  7:00  Probe  
  70  7:03  Probe  
  71  7:12  Probe  
  71  7:13  Pylon  
  71  7:14  Sentry  
  71  7:15  Probe, Sentry  
  77  7:24  Probe  
  78  7:31  Probe  
  78  7:33  Pylon  
  78  7:36  Probe  
  80  7:41  Zealot x2  
  80  7:43  Probe  
  85  7:48  Probe  
  86  7:51  Immortal  
  86  7:55  Immortal  
  94  8:00  Pylon  
  94  8:14  Twilight Council  
  94  8:16  Pylon  
  94  8:18  Probe x2  
  96  8:24  Nexus  
  96  8:33  Pylon  
  96  8:34  Probe  
  97  8:41  Zealot  
  97  8:42  Zealot  
  97  8:46  Immortal  
  105  8:54  Probe, Templar Archives, Charge  
  106  8:55  Assimilator  
  106  8:59  Probe  
  107  9:08  Immortal  
  111  9:20  Pylon  
  111  9:22  Gateway  
  111  9:24  Gateway  
  111  9:29  Probe  
  112  9:33  Probe  
  112  9:36  Probe  
  114  9:40  Immortal  
  118  9:51  Shield Battery  
  118  9:52  Shield Battery  
  118  9:55  Forge  
  118  9:58  Forge  
  118  9:59  Probe  
  119  10:05  Probe x2  
  121  10:08  Assimilator  
  121  10:11  Pylon  
  121  10:12  High Templar  
  121  10:14  High Templar  
  125  10:18  Archon  
  125  10:23  Immortal  
  125  10:26  Immortal  
  133  10:31  Protoss Ground Weapons Level 1  
  133  10:32  Protoss Ground Armor Level 1  
  133  10:39  High Templar x2  
  137  10:43  Archon  
  137  10:46  Zealot  
  137  10:47  Zealot  
  141  11:05  Immortal  
  141  11:08  Immortal  
  149  11:14  Pylon  
  149  11:16  Pylon  
  149  11:19  Gateway  
  149  11:21  Gateway  
  149  11:23  Gateway  
  149  11:28  Gateway  
  149  11:29  Blink, Gateway  
  149  11:32  Pylon  
  149  11:33  Assimilator, Probe  
  149  11:36  Pylon  
  149  11:37  Probe  
  149  11:39  Gateway  
  151  11:42  Gateway  
  151  11:44  Observer  
  152  11:50  High Templar x2  
  152  11:53  Zealot  
  152  11:54  Zealot  
  160  11:56  Archon  
  160  11:57  Warp Prism  
  162  12:12  Photon Cannon  
  162  12:14  Photon Cannon  
  162  12:15  Shield Battery  
  162  12:16  Shield Battery, Pylon  
  162  12:27  High Templar  
  162  12:28  High Templar x2  
  162  12:29  High Templar  
  170  12:31  Zealot  
  170  12:32  Zealot  
  170  12:33  Zealot x3  
  170  12:36  Archon  
  170  12:37  Archon  
  180  12:45  Observer  
  135  13:19  Immortal x2  
  143  13:29  Zealot x2  
  143  13:30  Zealot x9  
  141  13:58  Warp Prism, Immortal  
  139  14:08  High Templar x5  
  147  14:11  Zealot x6  
  159  14:24  Archon  
  159  14:25  Archon  
  137  14:34  Immortal  
  137  14:37  Observer  
  124  14:42  Zealot x6  
  124  14:43  Zealot x5  
  136  15:02  Zealot x3  
  136  15:03  Zealot x8  
  148  15:13  Immortal x2  
  140  15:27  Zealot x6  
  130  15:41  High Templar x5  
  140  15:45  Archon x2  
  140  15:47  Archon  
  138  15:59  Zealot x3  
  138  16:00  Zealot x3  
  148  16:14  Zealot x2  
Show
View Real Time Build Order
Export as new Build Order

betongapa Protoss 

Build Orders: Blink Stalkers 

Get SALT Encoding   

  1  0:00  Probe  
  12  0:04  Probe  
  14  0:15  Probe  
  15  0:21  Pylon  
  15  0:39  Probe  
  15  0:40  Gateway  
  16  0:46  Assimilator  
  16  0:51  Probe  
  17  1:00  Probe  
  17  1:02  Gateway  
  18  1:08  Probe  
  19  1:28  Cybernetics Core  
  20  1:32  Probe  
  20  1:43  Pylon  
  20  1:45  Probe  
  21  1:57  Probe  
  22  2:06  Adept x2  
  22  2:07  Warp Gate  
  26  2:29  Pylon  
  26  2:34  Nexus  
  26  2:40  Stalker  
  28  2:55  Stalker  
  30  2:59  Assimilator  
  30  3:00  Probe  
  31  3:06  Pylon  
  29  3:37  Probe  
  29  3:38  Twilight Council  
  30  3:49  Blink  
  30  3:53  Probe  
  30  3:55  Stalker x2  
  34  4:01  Probe  
  34  4:10  Gateway  
  34  4:11  Probe  
  34  4:12  Shield Battery  
  34  4:15  Probe  
  36  4:23  Probe  
  37  4:26  Stalker  
  37  4:27  Probe  
  40  4:35  Probe  
  41  4:39  Stalker  
  43  4:47  Probe  
  43  4:51  Stalker  
  46  5:02  Shield Battery  
  46  5:04  Probe  
  47  5:07  Probe  
  47  5:12  Pylon  
  48  5:14  Assimilator  
  48  5:15  Stalker  
  48  5:16  Probe  
  48  5:19  Probe  
  52  5:22  Pylon  
  52  5:28  Probe  
  53  5:31  Probe, Sentry  
  53  5:32  Zealot  
  58  5:40  Probe, Zealot  
  61  5:44  Probe  
  61  5:47  Forge  
  62  5:50  Charge  
  62  5:52  Probe  
  62  5:56  Robotics Facility  
  63  6:03  Zealot  
  63  6:04  Assimilator, Probe  
  65  6:05  Sentry  
  65  6:11  Probe  
  69  6:13  Protoss Ground Weapons Level 1  
  69  6:15  Pylon  
  69  6:17  Gateway  
  69  6:37  Stalker  
  69  6:39  Stalker  
  73  6:45  Observer  
  73  6:46  Shield Battery  
  74  6:48  Photon Cannon  
  74  6:52  Zealot  
  76  7:01  Gateway  
  76  7:03  Gateway, Observer  
  76  7:05  Pylon  
  77  7:14  Probe  
  77  7:15  Pylon  
  78  7:23  Probe  
  78  7:24  Observer  
  78  7:26  Probe  
  81  7:40  Nexus  
  81  7:41  Robotics Bay  
  81  7:42  Pylon  
  81  7:43  Probe  
  82  7:49  Pylon  
  82  7:53  Zealot x2  
  82  7:54  Zealot, Protoss Ground Armor Level 1  
  88  8:05  Zealot, Stalker  
  92  8:07  Stalker  
  92  8:11  Gateway, Photon Cannon  
  94  8:14  Shield Battery  
  94  8:31  Probe  
  94  8:32  Probe  
  94  8:34  Observer  
  97  8:41  Photon Cannon  
  97  8:43  Probe, Gateway  
  97  8:44  Probe  
  99  8:49  Pylon  
  99  8:50  Forge  
  99  8:51  Disruptor, Assimilator  
  99  8:55  Probe  
  104  9:02  Probe  
  104  9:06  Photon Cannon  
  104  9:09  Assimilator, Probe  
  106  9:10  Protoss Shields Level 1, Probe  
  106  9:12  Gravitic Boosters  
  107  9:20  Probe  
  107  9:22  Probe  
  109  9:28  Gateway  
  109  9:36  Protoss Ground Weapons Level 2  
  109  9:40  Stalker x2, Zealot  
  109  9:42  Sentry  
  117  9:52  Probe  
  118  9:56  Probe  
  118  9:58  Pylon  
  119  10:04  Probe  
  119  10:07  Nexus  
  120  10:08  Probe  
  121  10:16  Probe  
  122  10:30  Disruptor, Nexus  
  122  10:32  Pylon  
  122  10:37  Pylon  
  122  10:39  Pylon  
  126  10:43  Extended Thermal Lance  
  126  10:50  Stalker  
  126  10:51  Stalker  
  126  10:52  Stalker, Zealot  
  126  10:53  Zealot  
  136  11:05  Pylon, Gateway, Observer  
  136  11:07  Gateway  
  136  11:08  Photon Cannon  
  136  11:10  Photon Cannon, Pylon  
  137  11:15  Photon Cannon  
  137  11:16  Shield Battery  
  137  11:17  Probe  
  138  11:22  Gateway  
  138  11:25  Gateway  
  138  11:29  Photon Cannon, Protoss Ground Armor Level 2, Probe  
  139  11:34  Pylon  
  139  11:35  Assimilator  
  139  11:41  Probe  
  139  11:44  Probe  
  140  11:52  Probe  
  140  11:53  Probe  
  142  11:58  Photon Cannon  
  142  12:00  Protoss Shields Level 2  
  143  12:02  Probe x2  
  143  12:05  Probe  
  143  12:07  Photon Cannon  
  143  12:08  Shield Battery  
  146  12:13  Probe, Shield Battery, Photon Cannon  
  146  12:14  Probe  
  147  12:21  Probe, Photon Cannon  
  147  12:22  Pylon  
  149  12:31  Probe, Assimilator  
  149  12:32  Probe  
  149  12:34  Photon Cannon, Pylon  
  151  12:37  Pylon  
  151  12:39  Gravitic Drive  
  151  12:42  Gateway  
  151  12:43  Probe  
  152  12:44  Probe  
  152  12:48  Zealot x3  
  152  12:49  Zealot, Stalker  
  161  12:57  Probe  
  132  13:06  Stalker x4  
  132  13:07  Stalker x4, Disruptor  
  128  13:14  Zealot  
  128  13:15  Zealot x3  
  126  13:22  Stalker  
  117  13:43  Stalker  
  117  13:44  Stalker x5  
  117  13:45  Stalker x4  
  113  14:03  Probe  
  113  14:04  Adept x3  
  113  14:09  Assimilator  
  120  14:11  Probe  
  120  14:15  Zealot x4  
  120  14:16  Zealot x4  
  136  14:21  Probe  
  121  14:33  Probe  
  98  14:41  Stalker x6  
  98  14:42  Stalker x2  
  98  15:01  Zealot x2  
  98  15:02  Zealot x2  
  104  15:12  Adept x6  
  100  15:20  Zealot x2  
  98  15:24  Probe  
  98  15:25  Zealot x3  
  84  15:32  Probe, Adept  
  84  15:33  Adept x2  
  64  15:44  Adept x3  
  64  15:49  Probe  
  67  15:56  Zealot x2  
  67  15:57  Probe  
  72  15:58  Zealot  
  72  16:00  Sentry  
  72  16:01  Sentry  
  79  16:07  Probe  
  79  16:09  Stalker  
Tags
 
Composition
Blink Stalkers
Matchup
PvP
Replay Pack
SC2Mai2026
Spawn Locations
Cross Positions
Add a new tag
Caveats
  • Supply blocks, unpowered buildings, or Contaminate may cause inaccurate times.
  • Supply counts are checked every 10 seconds.